Map: Amygdala

Players

LiquidMaNa (MaNa) - Winner!

  • Race: Protoss Protoss
  • League: Grandmaster
  • Spawn Location: 1:00

DnS

  • Race: Protoss Protoss
  • Spawn Location: 7:00

Event: HomeStory Cup XXVI

VOD

Have the link to the VOD?

Description

Time

  • Played on: Nov. 30, 2024, 9:27 a.m.
  • Length: 9:53

All games in this series

Show
View Real Time Build Order
Export as new Build Order

LiquidMaNa Protoss - Winner!

Build Orders: Phoenix Opening, Archon Immortal 

Get SALT Encoding   

  12  0:00  Probe  
  13  0:12  Probe  
  14  0:16  Pylon  
  14  0:24  Probe  
  15  0:32  Probe  
  15  0:36  Gateway  
  15  0:40  Probe  
  16  0:45  Assimilator  
  17  0:50  Probe  
  18  0:59  Probe  
  19  1:04  Assimilator  
  19  1:07  Probe  
  19  1:09  Gateway  
  20  1:17  Probe  
  20  1:24  Cybernetics Core  
  21  1:29  Probe  
  22  1:37  Pylon  
  22  1:41  Probe  
  23  1:55  Probe  
  23  1:57  Stalker x2  
  23  2:00  Warp Gate  
  28  2:07  Probe  
  29  2:13  Pylon  
  29  2:27  Stalker  
  29  2:28  Stalker  
  29  2:32  Probe  
  34  2:44  Probe  
  35  2:55  Nexus  
  35  2:57  Sentry, Phoenix  
  37  3:00  Probe  
  38  3:06  Pylon  
  38  3:12  Probe  
  39  3:18  Robotics Facility  
  39  3:21  Probe  
  40  3:29  Probe  
  40  3:33  Forge  
  41  3:38  Probe  
  42  3:45  Phoenix  
  42  3:50  Probe  
  43  4:03  Probe  
  43  4:08  Protoss Ground Weapons Level 1, Probe, Immortal  
  49  4:15  Probe  
  50  4:18  Stalker x2  
  50  4:20  Probe  
  55  4:27  Probe  
  56  4:32  Probe  
  56  4:38  Warp Prism  
  57  4:39  Probe  
  58  4:46  Probe  
  58  4:51  Probe  
  58  4:52  Assimilator  
  62  4:55  Assimilator  
  62  4:58  Nexus  
  62  5:05  Pylon  
  62  5:14  Immortal  
  62  5:23  Probe x2  
  62  5:26  Pylon  
  68  5:35  Pylon  
  68  5:36  Probe  
  68  5:39  Twilight Council  
  68  5:40  Probe  
  68  5:41  Pylon  
  70  5:50  Probe  
  70  5:52  Probe  
  70  5:53  Immortal  
  70  5:54  Protoss Ground Weapons Level 2  
  76  6:02  Probe  
  77  6:07  Gateway, Probe  
  77  6:09  Gateway  
  78  6:14  Probe  
  78  6:16  Gateway  
  79  6:22  Templar Archives  
  79  6:32  Immortal  
  80  6:48  Gateway, Probe  
  81  6:58  Shield Battery  
  81  6:59  High Templar x2  
  85  7:05  Archon  
  85  7:06  Probe x2  
  87  7:08  Gateway  
  87  7:10  Gateway, High Templar x2  
  87  7:13  Immortal  
  95  7:15  Charge  
  95  7:27  Assimilator  
  95  7:36  High Templar  
  97  7:37  Zealot, High Templar  
  97  7:43  Archon x2  
  101  7:52  Immortal  
  105  7:58  Pylon  
  105  8:04  Pylon  
  105  8:09  Pylon  
  105  8:10  Pylon  
  105  8:12  Zealot x2  
  109  8:19  Zealot x4  
  117  8:23  Pylon  
  117  8:25  Zealot x2  
  121  8:27  Shield Battery  
  118  8:35  Probe x2  
  120  8:44  Zealot x2  
  120  8:47  Zealot x4  
  130  8:50  Zealot x2  
  130  8:52  Probe x2  
  127  9:05  Zealot  
  127  9:06  Zealot  
  127  9:08  Zealot  
  127  9:09  Zealot x3  
  114  9:20  Zealot x2  
  102  9:33  Zealot x6  
  94  9:40  Probe  
Show
View Real Time Build Order
Export as new Build Order

DnS Protoss 

Build Orders: Archon Immortal 

Get SALT Encoding   

  12  0:00  Probe  
  13  0:12  Probe  
  14  0:17  Pylon  
  14  0:24  Probe  
  15  0:32  Probe  
  15  0:36  Gateway  
  15  0:40  Probe  
  16  0:45  Assimilator  
  17  0:50  Probe  
  17  0:53  Assimilator  
  18  0:59  Probe  
  19  1:06  Gateway  
  19  1:07  Probe  
  20  1:17  Probe  
  20  1:23  Cybernetics Core  
  21  1:29  Probe  
  22  1:34  Pylon  
  22  1:41  Probe  
  23  1:53  Probe  
  24  1:57  Stalker  
  24  2:00  Warp Gate  
  28  2:04  Sentry  
  28  2:05  Probe  
  29  2:09  Pylon  
  29  2:17  Probe  
  30  2:27  Sentry  
  31  2:37  Sentry  
  31  2:43  Nexus  
  33  2:45  Probe  
  33  2:50  Shield Battery  
  34  2:57  Probe  
  35  3:02  Robotics Facility  
  35  3:09  Probe  
  35  3:11  Pylon  
  36  3:21  Probe  
  37  3:29  Pylon  
  37  3:33  Probe  
  38  3:45  Probe  
  39  3:48  Adept x2  
  39  3:50  Observer  
  39  3:51  Probe  
  45  3:57  Probe  
  45  3:59  Probe  
  45  4:00  Immortal  
  46  4:09  Probe x2  
  44  4:14  Sentry  
  51  4:21  Probe  
  51  4:24  Probe  
  53  4:26  Assimilator  
  53  4:27  Assimilator  
  53  4:33  Forge, Twilight Council, Probe  
  53  4:36  Probe  
  53  4:46  Probe  
  53  4:47  Immortal  
  53  4:51  Adept  
  53  4:52  Probe  
  61  4:58  Probe  
  62  5:06  Gateway x2  
  62  5:08  Pylon  
  62  5:09  Protoss Ground Weapons Level 1  
  62  5:18  Charge  
  62  5:31  Warp Prism  
  64  5:39  Probe x2  
  66  5:44  Stalker  
  66  5:45  Stalker  
  69  6:01  Probe  
  69  6:04  Probe  
  70  6:17  Nexus  
  70  6:20  Pylon  
  70  6:29  Gateway  
  70  6:31  Gateway  
  70  6:34  Gateway  
  70  6:35  Gateway  
  70  6:38  Probe x2, Immortal  
  74  6:40  Templar Archives  
  74  6:44  Shield Battery  
  74  6:48  Observer  
  74  6:50  Probe  
  75  6:54  Probe  
  75  7:00  Zealot  
  78  7:03  Pylon  
  78  7:04  Pylon  
  78  7:05  Pylon  
  78  7:13  Pylon  
  78  7:19  Probe  
  78  7:21  Probe  
  78  7:22  Observer, Pylon  
  80  7:24  High Templar x2, Protoss Ground Weapons Level 2  
  80  7:25  High Templar x2  
  80  7:26  Zealot x2, Probe  
  80  7:27  Probe  
  80  7:29  Archon x2  
  93  7:33  Probe  
  93  7:34  Probe  
  93  7:36  Stalker  
  98  7:43  Probe  
  97  7:48  Probe  
  97  7:49  Probe  
  96  7:58  Probe  
  96  8:01  Pylon  
  96  8:02  Pylon  
  96  8:03  Pylon, Probe  
  98  8:09  Probe  
  98  8:12  Pylon  
  99  8:13  Probe  
  99  8:14  Pylon  
  99  8:15  Probe  
  101  8:20  High Templar  
  101  8:21  Zealot x4, High Templar x3  
  101  8:24  Immortal  
  101  8:25  Archon x2  
  121  8:39  Shield Battery  
  121  8:43  Zealot  
  121  8:44  Zealot x3  
  121  8:47  Photon Cannon  
  125  8:55  Zealot x4  
  133  9:00  Shield Battery  
  124  9:03  Immortal  
  124  9:04  Zealot x2  
  117  9:16  Zealot x4  
  88  9:25  Zealot x3  
  83  9:37  Zealot x4  
  79  9:41  Zealot  
  71  9:46  Zealot x2  
  71  9:48  Zealot  
Tags
 
Add a new tag
Caveats
  • Supply blocks, unpowered buildings, or Contaminate may cause inaccurate times.
  • Supply counts are checked every 10 seconds.